 Dungeon Sprint DCSS version 0.31-a0-799-g6bc09d010c (webtiles) character file.

Game seed: 4406892315403475709

15634 sircluck the Brawler (level 12, -1/143 HPs)
             Began as a Troll Berserker on Sept 19, 2023.
             Was the Champion of Trog.
             Slain by a blink frog (14 damage)
             ... in the Dungeon (Sprint III: "The Ten Rune Challenge").
             The game lasted 00:04:27 (1275 turns).

sircluck the Brawler (Troll Berserker)              Turns: 1275, Time: 00:04:27

Health: -1/143     AC:  4    Str: 32    XL:     12   Next: 3%
Magic:  11/11      EV: 13    Int:  3    God:    Trog [******]
Gold:   1709       SH:  0    Dex:  7    Spells: 11/11 levels left

rFire   . .          .
                       - Unarmed
rCold   + . .        (no shield)
rNeg    . . .        a - +0 animal skin
rPois   .            n - +0 hat {Will+}
rElec   .            (no cloak)
rCorr   .            (gloves unavailable)
SInv    .            (boots unavailable)
Will    +++..        (no amulet)
Stlth   +            h - ring of protection from cold
HPRegen 2.23/turn    (no ring)
MPRegen 0.12/turn

%: no teleportation
@: lethally poisoned (-1 -> -2), strong-willed, regenerating
A: large, unfitting armour, claws 3, regeneration 1, shaggy fur 1, tough skin 1,
clumsy 1
a: Renounce Religion, Berserk, Trog's Hand, Brothers in Arms


You were in the Dungeon.
You worshipped Trog.
Trog was exalted by your worship.
You visited 1 branch You collected 1709 gold pieces.

Inventory:

Missiles
 p - 3 poisoned darts
Armour
 a - a +0 animal skin (worn)
 n - a +0 hat of willpower (worn)
Jewellery
 h - a ring of protection from cold (left claw)
Wands
 m - a wand of polymorph (3)
Scrolls
 g - 2 scrolls of blinking
 j - 2 scrolls of poison {unknown}
 l - a scroll of identify {unknown}
Potions
 b - 3 potions of curing
 c - a potion of heal wounds
 d - 2 potions of haste
 e - 2 potions of magic
 f - a potion of berserk rage
 i - 6 potions of mutation
 k - 3 potions of enlightenment
 o - a potion of invisibility {unknown}


   Skills:
 + Level 15.5 Fighting
 + Level 15.3 Dodging
 + Level 18.0 Unarmed Combat


You had 11 spell levels left.
You didn't know any spells.
Your spell library was empty.

Dungeon Overview and Level Annotations

Branches:
Dungeon (1/1)

Altars:
Cheibriados
Dithmenos
Elyvilon
Fedhas
Gozag
Hepliaklqana
Kikubaaqudgha
Makhleb
Nemelex Xobeh
Okawaru
Qazlal
Ru
Sif Muna
Trog
Uskayaw
Vehumet
Wu Jian
Xom
Yredelemnul
Zin
The Shining One
Jiyva
Lugonu

Shops:
D :


Innate Abilities, Weirdness & Mutations

You are too large for most types of armour.
You have claws for hands.
Your natural rate of healing is unusually fast.
You are covered in fur. (AC +1)
You have tough skin. (AC +1)
You are clumsy. (Dex -2)


Message History

Trog accepts your kill.
You feel very sick.
You eviscerate the death yak!!!
The death yak is heavily wounded.
You feel very sick. The death yak gores you.
You scratch the death yak but do no damage.
The death yak is heavily wounded.
You feel very sick.
You mangle the death yak!! You claw the death yak!
The death yak is almost dead.
You feel very sick. The death yak gores you!!
* * * LOW HITPOINT WARNING * * *
You claw the death yak!
You kill the death yak!
Trog accepts your kill.
You feel sick.
Your Unarmed Combat skill increases to level 18!
You have reached level 12!
You feel stronger.
You completely miss the blink frog.
You feel sick. The blink frog hits you!
* * * LOW HITPOINT WARNING * * *
You claw the blink frog!
The blink frog is heavily wounded.
You feel sick. The blink frog hits you.
* * * LOW HITPOINT WARNING * * *
The blink frog blinks!
Your skin crawls.
You feel strong-willed.
You feel sick.
You feel sick.
The blink frog blinks!
You feel sick.
You see here a +2 glaive of flaming.
You feel sick.
You feel sick.
You miss the blink frog.
The blink frog is heavily wounded.
The blink frog hits you!
You die...

▓...)≈~~≈≈≈.~~♣♣...F.♣♣♣♣~~~.
▓...#†~≈§§§~≈~♣♣.≈≈≈≈'♣♣'♣≈≈≈
▓...#~~§§§)≈≈≈~'.....#.~♣♣♣♣♣
▓...#≈~.§§≈~~~♣♣♣♣♣♣♣#..♣
▓..[#≈~~~≈§≈~≈♣ ###+
▓##'####+#######♣
▓......)........♣♣
▓#+#############'♣
JJJ#~.....F@....♣
▓..J+~~...######## ▓...#~~~
▓...#~ #+###


You could see a blink frog.

Vanquished Creatures
  Gastronok (D)
  A dire elephant (D)
  A centaur warrior (D)
  Erica (D)
  4 death yaks (D)
  A deep elf pyromancer (D)
  An orc sorcerer (D)
  An elephant (D)
  2 black mambas (D)
  2 cane toads (D)
  An unseen horror (D)
  A rime drake (D)
  A komodo dragon (D)
  A queen bee (D)
  6 blink frogs (D)
  A shadow (D)
  A spatial vortex (D)
  3 wandering mushrooms (D)
  A swamp drake (D)
  An orc warrior (D)
  2 centaurs (D)
  An earth elemental (D)
  A necrophage (D)
  A water elemental (D)
  16 killer bees (D)
  A jelly (D)
  An orc priest (D)
  A wizard (D)
  2 orc wizards (D)
  A necromancer (D)
  3 humans (D)
  A kobold demonologist (D)
  A phantom (D)
  10 orcs (D)
  2 endoplasms (D)
  2 rats (D)
78 creatures vanquished.

Vanquished Creatures (collateral kills)
  Rupert (D)
  A dire elephant (D)
  An orc knight (D)
  An elephant (D)
  An orc warrior (D)
  16 killer bees (D)
  An orc wizard (D)
22 creatures vanquished.

Grand Total: 100 creatures vanquished

Notes
Turn   | Place    | Note
-------+----------+-------------------------------------------
     0 | D        | sircluck the Troll Berserker began the quest for the Orb.
     0 | D        | Reached XP level 1. HP: 22/22 MP: 0/0
    28 | D        | Reached ** piety under Trog
    74 | D        | Reached skill level 4 in Unarmed Combat
    74 | D        | Reached XP level 2. HP: 23/31 MP: 1/1
    96 | D        | Noticed a water elemental
   101 | D        | Killed a water elemental
   101 | D        | Reached *** piety under Trog
   102 | D        | Reached skill level 5 in Unarmed Combat
   102 | D        | Reached XP level 3. HP: 40/40 MP: 2/2
   102 | D        | Reached XP level 4. HP: 49/49 MP: 3/3
   156 | D        | Found a glowing silver altar of Zin.
   156 | D        | Found a glowing golden altar of the Shining One.
   156 | D        | Found a white marble altar of Elyvilon.
   156 | D        | Noticed a deep elf pyromancer
   160 | D        | Killed a deep elf pyromancer
   161 | D        | Reached skill level 9 in Unarmed Combat
   161 | D        | Reached XP level 5. HP: 54/63 MP: 4/4
   161 | D        | Reached XP level 6. HP: 62/72 MP: 5/5
   220 | D        | Found a hide-covered altar of Uskayaw.
   220 | D        | Found an iron altar of Okawaru.
   220 | D        | Found a bloodstained altar of Trog.
   220 | D        | Found an ornate altar of the Wu Jian Council.
   220 | D        | Noticed a human
   220 | D        | Noticed a human
   232 | D        | Killed a human
   233 | D        | Reached XP level 7. HP: 56/80 MP: 6/6
   234 | D        | Killed a human
   235 | D        | Reached skill level 10 in Unarmed Combat
   273 | D        | Found a basalt altar of Yredelemnul.
   273 | D        | Found a shadowy altar of Dithmenos.
   273 | D        | Found a sacrificial altar of Ru.
   276 | D        | Reached **** piety under Trog
   289 | D        | Noticed a shadow
   291 | D        | Killed a shadow
   292 | D        | Reached XP level 8. HP: 91/92 MP: 7/7
   294 | D        | Reached ***** piety under Trog
   302 | D        | Noticed Erica
   311 | D        | Killed Erica
   311 | D        | Identified the +4 morningstar "Iwavis" {flame, rN+} (Trog
                  | gifted it to you in the Dungeon)
   311 | D        | Received a gift from Trog
   312 | D        | Reached skill level 10 in Fighting
   312 | D        | Reached skill level 11 in Unarmed Combat
   357 | D        | Found a blossoming altar of Fedhas.
   357 | D        | Found a stormy altar of Qazlal.
   357 | D        | Found a snail-covered altar of Cheibriados.
   357 | D        | Found a burning altar of Makhleb.
   357 | D        | Found a shimmering altar of Xom.
   358 | D        | Found a hazy altar of Hepliaklqana.
   358 | D        | Found an opulent altar of Gozag.
   358 | D        | Found a sparkling altar of Nemelex Xobeh.
   358 | D        | Found a corrupted altar of Lugonu.
   358 | D        | Found a viscous altar of Jiyva.
   367 | D        | Reached skill level 10 in Dodging
   386 | D        | Found a radiant altar of Vehumet.
   386 | D        | Found a shimmering blue altar of Sif Muna.
   386 | D        | Found an ancient bone altar of Kikubaaqudgha.
   394 | D        | Noticed an ice devil
   405 | D        | Gained mutation: You are clumsy. (Dex -2) [a neqoxec]
   487 | D        | Noticed an orc knight
   493 | D        | Noticed an orc sorcerer
   495 | D        | Killed an orc knight
   496 | D        | Reached skill level 12 in Unarmed Combat
   496 | D        | Reached XP level 9. HP: 99/102 MP: 8/8
   504 | D        | Killed an orc sorcerer
   504 | D        | Received a gift from Trog
   505 | D        | Reached skill level 13 in Unarmed Combat
   507 | D        | Found Goerchon's Book Emporium.
   527 | D        | Reached ****** piety under Trog
   530 | D        | Received a gift from Trog
   641 | D        | Noticed a centaur warrior
   648 | D        | Killed a centaur warrior
   702 | D        | Noticed a queen bee
   714 | D        | Received a gift from Trog
   720 | D        | Reached XP level 10. HP: 108/115 MP: 9/9
   726 | D        | Reached skill level 14 in Unarmed Combat
   737 | D        | Received a gift from Trog
   772 | D        | Received a gift from Trog
   781 | D        | Received a gift from Trog
   910 | D        | Received a gift from Trog
   924 | D        | Reached skill level 15 in Unarmed Combat
   954 | D        | Noticed a cane toad
   954 | D        | Noticed a cane toad
   955 | D        | Killed a cane toad
   966 | D        | Killed a cane toad
  1075 | D        | Received a gift from Trog
  1076 | D        | Reached XP level 11. HP: 87/127 MP: 10/10
  1141 | D        | Noticed a dire elephant
  1144 | D        | Noticed a dire elephant
  1145 | D        | Killed a dire elephant
  1146 | D        | Reached skill level 16 in Unarmed Combat
  1150 | D        | Killed a dire elephant
  1154 | D        | Noticed Gastronok
  1159 | D        | Killed Gastronok
  1159 | D        | Received a gift from Trog
  1200 | D        | Noticed an azure jelly
  1200 | D        | Noticed an azure jelly
  1200 | D        | Noticed an azure jelly
  1201 | D        | Noticed an azure jelly
  1203 | D        | Noticed Rupert
  1214 | D        | Killed Rupert
  1215 | D        | Reached skill level 17 in Unarmed Combat
  1227 | D        | Noticed a death yak
  1242 | D        | Killed a death yak
  1247 | D        | Noticed a death yak
  1248 | D        | Noticed a death yak
  1248 | D        | Noticed a death yak
  1251 | D        | Reached skill level 15 in Fighting
  1254 | D        | Killed a death yak
  1260 | D        | Killed a death yak
  1260 | D        | Received a gift from Trog
  1261 | D        | Reached skill level 15 in Dodging
  1267 | D        | Killed a death yak
  1268 | D        | Reached skill level 18 in Unarmed Combat
  1268 | D        | Reached XP level 12. HP: 26/143 MP: 11/11
  1275 | D        | Slain by a blink frog

Illustrated notes

Levels and vault maps discovered:
D:        dungeon_sprint_mu [sprint_mu_entry_cave, sprint_mu_temple_rooms,
          sprint_mu_d1_horrors, sprint_mu_d2_genie, sprint_mu_d3_branching,
          sprint_mu_orc_legion, sprint_mu_elf_gauntlet, sprint_mu_hive_nellie,
          sprint_mu_lair_fedhas, sprint_mu_vaults_butterflies,
          sprint_mu_slime_circle, sprint_mu_shoals_archi,
          sprint_mu_snake_twists, sprint_mu_blade_basic, sprint_mu_crypt_lich,
          sprint_mu_tomb_spiral, sprint_mu_vestibule_basic,
          sprint_mu_gehenna_hellfire, sprint_mu_dis_giant,
          sprint_mu_tartarus_statrot, sprint_mu_cocytus_islands, sprint_mu_zot1]

Skill      XL: |  1  2  3  4  5  6  7  8  9 10 11 |
---------------+----------------------------------+-----
Fighting       | 3 4 7 8 9 10 11 13 15 | 15.5
Dodging        | 3 4 7 8 9 10 11 13 15 | 15.3
Unarmed Combat | 4 5 9 10 12 13 15 18 | 18.0

Action                     |  1- 3 |  4- 6 |  7- 9 | 10-12 || total
---------------------------+-------+-------+-------+-------++-------
  Melee: Unarmed           |    32 |    12 |    91 |   144 ||   279
         Punch             |     1 |       |     7 |     9 ||    17
 Invoke: Berserk           |     1 |     2 |     2 |     1 ||     6
         Brothers in Arms  |       |       |     2 |     3 ||     5
         Trog's Hand       |       |       |       |     1 ||     1
   Stab: Sleeping          |     1 |       |       |       ||     1
 Armour: Animal skin       |    11 |    14 |    79 |    92 ||   196
  Dodge: Dodged            |    16 |     6 |    45 |    57 ||   124

Table legend: (Time is in decaauts)
 A = Elapsed time spent in this place.
 B = Non-inter-level travel time spent in this place.
 C = Inter-level travel time spent in this place.
 D = Time resting spent in this place.
 E = Time spent auto-exploring this place.
 F = Levels seen in this place.
 G = Mean time per level.
                   A        B        C        D        E       F      G
               +--------+--------+--------+--------+--------+-----+--------+
         Total |   1280 |   1248 |     32 |    449 |    184 |   1 | 1280.0 |
       Dungeon |   1280 |   1248 |     32 |    449 |    184 |   1 | 1280.0 |
               +--------+--------+--------+--------+--------+-----+--------+

Top non-repeatable levels by time:
       D: 1280 daAuts
